 Dungeon Crawl Stone Soup version 0.23.2-1-ga50397a6bc (webtiles) character file.

Game seed: 12914332729558582027

78 Foic the Sneak (level 4, 0/27 HPs)
             Began as a Kobold Assassin on May 14, 2019.
             Slain by an adder (4 damage)
             ... on level 2 of the Dungeon.
             The game lasted 00:07:16 (2765 turns).

Foic the Sneak (Kobold Assassin)                    Turns: 2765, Time: 00:07:16

Health: 0/27       AC:  4    Str:  8    XL:     4   Next: 61%
Magic:  4/4        EV: 15    Int: 12    God:
Gold:   213        SH:  0    Dex: 17    Spells: 3/3 levels left

rFire    . . .     SeeInvis +   a - +2 dagger
rCold    . . .     Gourm    .   (shield restricted)
rNeg     . . .     Faith    .   c - +0 robe
rPois    .         Spirit   .   j - +0 helmet
rElec    .         Reflect  .   d - +0 cloak
rCorr    .         Harm     .   (no gloves)
MR       .....                  (no boots)
Stlth    ++++......             (no amulet)
HPRegen  0.09/turn              r - ring of see invisible
MPRegen  0.09/turn              (no ring)

@: lethally poisoned (0 -> -6), flying
A: small, carnivore
a: no special abilities


You were on level 2 of the Dungeon.
You were completely stuffed.

You visited 1 branch of the dungeon, and saw 2 of its levels.

You collected 213 gold pieces.

Inventory:

Hand Weapons
 a - a +2 dagger (weapon)
 b - a +0 blowgun
Missiles
 e - 8 poisoned needles
 f - 2 curare-tipped needles
 n - 27 stones (quivered)
Armour
 c - a +0 robe (worn)
 d - a +0 cloak (worn)
 j - a +0 helmet (worn)
Jewellery
 r - a ring of see invisible (left hand)
Scrolls
 k - 2 scrolls of identify
 l - 3 scrolls of remove curse {unknown}
 m - a scroll of fog {unknown}
 o - 3 scrolls of noise {unknown}
 p - a scroll of teleportation {unknown}
Comestibles
 g - 4 rations
 q - a chunk of flesh


   Skills:
 + Level 2.3 Fighting
 + Level 3.2 Short Blades
 + Level 2.4 Throwing
 * Level 2.4 Dodging
 * Level 6.8 Stealth


You had 3 spell levels left.
You didn't know any spells.
Your spell library was empty.

Dungeon Overview and Level Annotations

Branches:
Dungeon (2/15)

Altars:


Innate Abilities, Weirdness & Mutations

You are small and have problems with some larger weapons.
You are carnivorous and can eat meat at any time.


Message History

* * * LOW HITPOINT WARNING * * *
* * * LOW HITPOINT WARNING * * *
You feel sick.
* * * LOW HITPOINT WARNING * * *
You feel sick. The adder misses you.
You barely miss the adder.
The adder is severely wounded.
The adder misses you.
You hit the adder.
The adder is severely wounded.
* * * LOW HITPOINT WARNING * * *
You feel sick. The adder bites you but does no damage.
You barely miss the adder.
The adder is severely wounded.
The adder misses you.
You closely miss the adder.
The adder is severely wounded.
* * * LOW HITPOINT WARNING * * *
You feel sick. The adder bites you.
You die...

#.# #...# #รท#.#
#######.###.### #.#.#
#..........## #.#.#
#.#.###.#.#######.#.#
*,*,* #.#.........#.#
*,*,* #.###########.#
*,*,* #.# #.# *,*,*
#S# #.#
**********,*,* #@#
#.# ,,,,,,,,,,,,,*
#.# #.#
,,,,,,,>,,,*** #.#
#.# ,*,*********
#.###########.# .#,*
#.............# .*,*
############### **,*
*,* #*,*


You could see an adder.

Vanquished Creatures
  An adder (D:2)
  A gnoll (D:1)
  3 worms (D:2)
  A dart slug (D:1)
  A leopard gecko (D:1)
  A ball python (D:2)
  3 giant cockroaches
  9 hobgoblins
  4 jackals (D:1)
  6 kobolds
  6 bats
  2 frilled lizards (D:1)
  5 goblins (D:1)
  4 rats (D:1)
47 creatures vanquished.

Vanquished Creatures (others)
  A fungus (D:2)
  2 toadstools (D:2)
3 creatures vanquished.

Grand Total: 50 creatures vanquished

Notes
Turn   | Place    | Note
-------+----------+-------------------------------------------
     0 | D:1      | Foic the Kobold Assassin began the quest for the Orb.
     0 | D:1      | Reached XP level 1. HP: 12/12 MP: 1/1
   347 | D:1      | Reached XP level 2. HP: 10/17 MP: 2/2
   507 | D:1      | Reached skill level 6 in Stealth
   530 | D:1      | Reached XP level 3. HP: 21/21 MP: 3/3
  1846 | D:2      | Reached XP level 4. HP: 27/27 MP: 4/4
  2765 | D:2      | Slain by an adder

Skill      XL: |  1  2  3  4 |
---------------+-------------+-----
Stealth        | 6 |  6.8
Dodging        | 2 |  2.4
Short Blades   | 3 |  3.2
Fighting       | |  2.3
Throwing       | |  2.4

Action                   |  1- 3 |  4- 6 || total
-------------------------+-------+-------++-------
Melee: Dagger            |   128 |    72 ||   200
 Fire: Blowgun           |       |     7 ||     7
  Use: Scroll            |       |     3 ||     3
       Potion            |       |     2 ||     2
 Stab: Sleeping          |     7 |     4 ||    11
  Eat: Chunk             |    11 |     3 ||    14
Armor: Robe              |    20 |     9 ||    29
Dodge: Dodged            |    75 |    36 ||   111
